AoeStats
← DK_Odysseo

Arabian Desert

510410293Analyzed
1v1 RM · 1d ago on Sep 30, 2026· 24m 3s· 2 players
Game mode
Random Map
Map size
Tiny (2 player)
Population
200
Speed
Normal
Resources
Standard
Victory
Conquest
Starting age
Dark Age
Ending age
Imperial Age
RankedLock teamsTeams togetherTeam positionsShared explorationLock speedFull tech treeHidden civsTurbo modeCheats
Victory
Defeat
🇫🇷 Saracens · France
2082
+9
🇪🇸 Chinese · Spain
1913
-9
DK_Odysseo
0:28 Loom
8:50 Feudal Age
9:25 Double-Bit Axe
13:37 Man-at-Arms
17:51 Forging
22:34 Castle Age
20:55 Fletching
21:56 Padded Archer Armor
22:45 Bloodlines
22:41 Scale Barding Armor
24:32 Chain Barding Armor
Kiddo
6:08 Loom
8:46 Feudal Age
9:23 Double-Bit Axe
13:07 Forging
22:17 Castle Age
20:38 Fletching
22:39 Gold Mining
22:56 Bodkin Arrow
22:35 Crossbowman
24:42 Ballistics
Connection lost

Rejoining the realm…

Still unreachable

The connection could not be restored.

Session expired

The server has moved on; the page needs a fresh start.